 Dungeon Crawl Stone Soup version 0.21.0-3-g78d12a8 (webtiles) character file.

317 letownia2 the Conjurer (level 6, -1/29 HPs)
             Began as a Vine Stalker Wizard on Jan 12, 2018.
             Was an Initiate of Gozag.
             Killed from afar by an orc wizard (6 damage)
             ... with a puff of flame
             ... on level 3 of the Dungeon.
             The game lasted 00:07:00 (2049 turns).

letownia2 the Conjurer (Vine Stalker Wizard)        Turns: 2049, Time: 00:07:01

Health: -1/29      AC:  3    Str: 12    XL:     6   Next: 45%
Magic:  0/12       EV: 11    Int: 18    God:    Gozag
Gold:   81         SH:  0    Dex: 12    Spells: 3/12 levels left

rFire    . . .     SeeInvis .   g - +0 dagger
rCold    . . .     Gourm    .   (no shield)
rNeg     . . .     Faith    .   m - +0 leather armour
rPois    +         Spirit   +   b - +0 hat
rElec    .         Reflect  .   (no cloak)
rCorr    .         Harm     .   (no gloves)
MR       .....                  (no boots)
Stlth    ++........             (no amulet)
HPRegen  0.49/turn              k - ring of poison resistance
MPRegen  0.13/turn              (no ring)

@: no status effects
A: fangs 2, regeneration 1, magic shield, antimagic bite, no potion heal 3, rot
immunity
a: Potion Petition, Call Merchant, Bribe Branch, Renounce Religion


You were on level 3 of the Dungeon.
You worshipped Gozag.
Gozag was noncommittal.
You were not hungry.

You visited 2 branches of the dungeon, and saw 5 of its levels.

You collected 154 gold pieces.
You paid 73 gold pieces to Gozag.

Inventory:

Hand Weapons
 g - a +0 dagger (weapon)
Missiles
 q - 5 tomahawks (quivered)
Armour
 b - a +0 hat (worn)
 m - a +0 leather armour (worn)
 r - a +3 ring mail
Jewellery
 a - a cursed amulet of inaccuracy {unknown}
 k - a ring of poison resistance (left hand)
Scrolls
 e - 3 scrolls of identify {unknown}
 f - a scroll of random uselessness {unknown}
 n - a scroll of noise {unknown}
 p - a scroll of teleportation {unknown}
Potions
 h - a potion of brilliance {unknown}
 i - a potion of haste {unknown}
 l - 2 potions of curing
 o - a potion of heal wounds {unknown}
Books
 c - a book of Minor Magic

   Spells                             Type                      Level
   a - Magic Dart                     Conjuration                  1
   b - Blink                          Translocation                2
   c - Call Imp                       Summoning                    2
   d - Slow                           Hexes                        2
   e - Conjure Flame                  Conjuration/Fire             3
   f - Mephitic Cloud                 Conjuration/Poison/Air       3
Comestibles
 d - 5 rations


   Skills:
 + Level 0.8 Fighting
 - Level 1.5 Dodging
 - Level 2.4 Stealth
 + Level 3.6 Spellcasting
 - Level 5.4 Conjurations
   Level 1.0 Summonings
 + Level 1.5 Translocations
 + Level 0.9 Fire Magic
 + Level 0.8 Air Magic
 + Level 0.7 Poison Magic


You had 3 spell levels left.
You knew the following spells:

 Your Spells              Type           Power        Failure   Level  Hunger
a - Magic Dart            Conj           ###.         1%          1    None
b - Blink                 Tloc           N/A          16%         2    ##.....
c - Conjure Flame         Conj/Fire      ##......     16%         3    ###....
e - Mephitic Cloud        Conj/Pois/Air  ##......     22%         3    ###....


Dungeon Overview and Level Annotations

Branches:
Dungeon (4/15)             Temple (1/1) D:4

Altars:
Ashenzari
Gozag
Hepliaklqana
Nemelex Xobeh
Okawaru
Xom

Annotations:
D:2 Terence
D:3 exclusion: hobgoblin


Innate Abilities, Weirdness & Mutations

You have extremely sharp teeth.
Your natural rate of healing is unusually fast.
When hurt, damage is shared between your health and your magic reserves.
Your bite disrupts and absorbs the magic of your enemies.
Potions cannot restore your health.
You are immune to rotting.


Message History

You bite the orc wizard, but do no damage.
The orc wizard is almost dead.
The orc wizard casts a spell at you. The puff of frost hits you!
* * * LOW HITPOINT WARNING * * *
The orc hits you but does no damage.
Unknown command.
You closely miss the orc wizard.
The orc wizard is almost dead.
The orc wizard mumbles some strange words.
The orc wizard flickers and vanishes!
Deactivating autopickup; reactivate with Ctrl-A.
Something hits you but does no damage.
Unknown command.
Unknown command.
You hear some strange, mumbled words.
A puff of flame appears from out of thin air!
The puff of flame hits you!
You die...
Your body crumbles into a pile of gold.

o.........# #.......#
#.....#
#..##.....###....##.#
#.....# #####.....#####.#
#.....# #####.# #.# #.....#
#######.## #.# ##.####
.$.......# #.# ###.####
######.##o.####.#####.......
####.
.......#.............#.##.#
.....#
###.$...@.).<#######.##.#
#.#.#
####.#####............#
....# #.# #.#######.####
....# #.# #.# #.#
...######### #.# #.# #.#
.......>.# #.#####.# #.#
########.# #.##....# #.#
#.###.##.##[#######.#
#.#.................#


You could see an orc.

Vanquished Creatures
  Sigmund (D:3)
  A phantom (D:4)
  A hound (D:3)
  2 adders (D:4)
  A worm (D:3)
  A leopard gecko (D:3)
  4 orcs
  3 goblins
  2 hobgoblins
  A quokka (D:3)
  A ball python skeleton (D:4)
  5 bats (D:2)
  4 frilled lizards
  A leopard gecko skeleton (D:4)
  3 rats
31 creatures vanquished.

Notes
Turn   | Place    | Note
-------+----------+-------------------------------------------
     0 | D:1      | letownia2 the Vine Stalker Wizard began the quest for the Orb.
     0 | D:1      | Reached XP level 1. HP: 9/9 MP: 5/5
   325 | D:2      | Reached skill level 2 in Conjurations
   325 | D:2      | Reached XP level 2. HP: 13/13 MP: 2/7
   326 | D:2      | Noticed Terence
   626 | D:3      | Noticed Sigmund
   842 | D:3      | Reached skill level 3 in Conjurations
   842 | D:3      | Reached XP level 3. HP: 2/16 MP: 0/8
  1096 | D:2      | Learned a level 3 spell: Mephitic Cloud
  1155 | D:3      | Killed Sigmund
  1155 | D:3      | Reached skill level 5 in Conjurations
  1155 | D:3      | Gained mutation: Your natural rate of healing is unusually fast. [Vine Stalker growth]
  1155 | D:3      | Reached XP level 4. HP: 11/21 MP: 5/9
  1155 | D:3      | Reached XP level 5. HP: 13/24 MP: 5/10
  1182 | D:3      | Learned a level 3 spell: Conjure Flame
  1187 | D:3      | Learned a level 2 spell: Blink
  1401 | D:3      | Found an iron altar of Okawaru.
  1710 | D:4      | Noticed a phantom
  1757 | D:4      | Killed a phantom
  1757 | D:4      | Reached XP level 6. HP: 25/29 MP: 0/12
  1765 | D:4      | Found a staircase to the Ecumenical Temple.
  1790 | Temple   | Entered the Ecumenical Temple
  1844 | Temple   | Became a worshipper of Gozag Ym Sagoz the Greedy
  1977 | D:4      | Found a shattered altar of Ashenzari.
  2049 | D:3      | Killed from afar by an orc wizard

Skill      XL: |  1  2  3 |
---------------+----------+-----
Conjurations   | 2 3 5 |  5.4
Fighting       | |  0.8
Dodging        | |  1.5
Stealth        | |  2.4
Spellcasting   | |  3.6
Summonings     | |  1.0
Translocations | |  1.5
Fire Magic     | |  0.9
Air Magic      | |  0.8
Poison Magic   | |  0.7

Action                   |  1- 3 |  4- 6 || total
-------------------------+-------+-------++-------
Melee: Dagger            |    19 |    16 ||    35
       Bite              |     7 |     3 ||    10
 Cast: Magic Dart        |    38 |    50 ||    88
       Mephitic Cloud    |     2 |       ||     2
       Conjure Flame     |       |     1 ||     1
 Stab: Confused          |     1 |       ||     1
  Eat: Chunk             |       |     4 ||     4
Armor: Robe              |     1 |       ||     1
       Leather armour    |       |     3 ||     3
Dodge: Dodged            |     9 |    11 ||    20
